[Event "Titled Tuesday Blitz March 21 Late 2023"]
[White "Marjanovic, Annamaria"]
[Black "Elaisaz"]
[WhiteFideId "750930"]
[WhiteElo "2212"]
[BlackElo "2291"]
[Result "1-0"]
[Round "03"]
[TimeControl "180+2"]
[Date "2023.03.21"]
[WhiteClock "0:00:33"]
[BlackClock "0:00:08"]

1. Nf3 e6 2. g3 d5 3. Bg2 Nf6 4. O-O c5 5. d3 Be7 6. Nbd2 O-O 7. e4 dxe4 8. dxe4 Nc6 9. c3 Nd7 10. Qc2 Nde5 11. Nxe5 Nxe5 12. Rd1 Qc7 13. Nf3 Bf6 14. Nxe5 Bxe5 15. f4 Bd6 16. e5 Be7 17. Be3 Rb8 18. Rd2 c4 19. Bxa7 Ra8 20. Be3 Bc5 21. Qe4 Ra7 22. a3 b6 23. Bxc5 Qxc5+ 24. Qd4 Qc7 25. Rad1 Bb7 26. Qd6 Bxg2 27. Qxc7 Rxc7 28. Kxg2 h6 29. Rd6 b5 30. Rb6 Rc5 31. Rd7 g5 32. Kf3 gxf4 33. gxf4 Rfc8 34. Rbb7 Rf8 35. Ke4 Kg7 36. Kd4 Rcc8 37. Rxb5 Kg6 38. Rbb7 f6 39. Ke4 fxe5 40. Rg7+ Kh5 41. fxe5 Rf2 42. h3 Rxb2 43. Rxb2 1-0


[Site "https://www.chess.com"]

[Event "Titled Tuesday Blitz March 21 Late 2023"]
[White "rionelG"]
[Black "Ismagilov, Damir"]
[BlackFideId "34199982"]
[WhiteElo "2287"]
[BlackElo "2078"]
[Result "0-1"]
[Round "03"]
[TimeControl "180+2"]
[Date "2023.03.21"]
[WhiteClock "0:00:11"]
[BlackClock "0:00:21"]

1. e4 e6 2. d3 d5 3. Nd2 Nf6 4. g3 dxe4 5. dxe4 e5 6. Bg2 Nc6 7. Ngf3 Bc5 8. O-O O-O 9. c3 a5 10. Qc2 Qe7 11. h3 h6 12. Re1 Be6 13. Nf1 Rad8 14. Be3 Bc4 15. Bxc5 Qxc5 16. N3d2 Bd3 17. Qb3 b5 18. a4 bxa4 19. Qxa4 Bxf1 20. Nxf1 h5 21. Ne3 h4 22. Nd5 hxg3 23. Qxc6 gxf2+ 24. Kh2 Rxd5 25. exd5 Qxc6 26. dxc6 fxe1=Q 27. Rxe1 e4 28. Ra1 Rb8 29. Rxa5 Rxb2 30. Ra7 Nd5 31. Kg3 f5 32. Bf1 Rc2 33. Bc4 Rxc3+ 34. Kh4 Rxc4 35. Kg5 Rxc6 36. Kxf5 Nf6 37. h4 Kf7 38. h5 Rc5+ 39. Kf4 Rxh5 40. Rxc7+ Kg6 41. Rc6 Rh3 42. Rc7 Nd5+ 43. Kg4 Nxc7 0-1


[Site "https://www.chess.com"]

[Event "Titled Tuesday Blitz March 21 Late 2023"]
[White "Rastbod, Ali"]
[Black "Onslow, Alfie"]
[WhiteFideId "12567477"]
[BlackFideId "436976"]
[WhiteElo "2211"]
[BlackElo "2114"]
[Result "1/2-1/2"]
[Round "03"]
[TimeControl "180+2"]
[Date "2023.03.21"]
[WhiteClock "0:00:10"]
[BlackClock "0:00:07"]

1. d4 d5 2. Nf3 Bf5 3. c4 e6 4. Nc3 c6 5. Qb3 Qb6 6. c5 Qxb3 7. axb3 Nd7 8. b4 a6 9. b5 cxb5 10. Nxb5 Rc8 11. Nc3 Ngf6 12. b4 Ne4 13. Bb2 Be7 14. e3 O-O 15. Nd2 Nxc3 16. Bxc3 Bf6 17. f4 g5 18. Nf3 h6 19. Ne5 Bxe5 20. fxe5 Be4 21. Be2 f6 22. O-O fxe5 23. dxe5 Rxf1+ 24. Bxf1 Rf8 25. b5 axb5 26. Bd4 Rc8 27. Rc1 b4 28. Bb5 Nb8 29. Ra1 Nc6 30. Bb2 Ne7 31. Bd4 Nc6 32. Bb2 b3 33. Kf2 Rf8+ 34. Kg1 Nb4 35. Ra3 Nd3 36. Rxb3 Nxc5 37. Ra3 Rc8 38. Bd4 b6 39. Ra7 Nb3 40. Bd7 Rc1+ 41. Kf2 Rc2+ 42. Ke1 Rxg2 43. Bxe6+ Kh8 44. Bh3 Rg1+ 45. Kf2 Rd1 46. e6+ Nxd4 47. e7 Bg6 48. exd4 Rxd4 49. Ra8+ Kg7 50. e8=Q Bxe8 51. Rxe8 Rh4 52. Kg3 Rb4 53. Rd8 d4 54. Bf5 Rb3+ 55. Kg4 d3 56. Bxd3 Rb2 57. h3 Rg2+ 58. Kf3 Rd2 59. Ke3 Rh2 60. Bf5 Kf6 61. Bg4 Ke5 62. Re8+ Kd5 63. Rd8+ Ke5 64. Rh8 Ra2 65. Rxh6 Ra3+ 66. Kf2 b5 67. Rg6 Kf4 68. Rf6+ Ke4 69. Rf5 Ra2+ 70. Kg3 Ra3+ 71. Rf3 Rxf3+ 72. Bxf3+ Ke5 73. Kg4 Kf6 74. Bd5 b4 75. Bb3 Kg7 76. Kxg5 Kh8 77. h4 Kh7 78. h5 Kh8 79. Kg6 1/2-1/2


[Site "https://www.chess.com"]

[Event "Titled Tuesday Blitz March 21 Late 2023"]
[White "Riff, Vincent"]
[Black "Thiel, Thomas"]
[WhiteFideId "617776"]
[BlackFideId "4615964"]
[WhiteElo "2369"]
[BlackElo "2263"]
[Result "1-0"]
[Round "03"]
[TimeControl "180+2"]
[Date "2023.03.21"]
[WhiteClock "0:00:20"]
[BlackClock "0:00:10"]

1. e4 d5 2. exd5 Nf6 3. Nf3 Nxd5 4. Nc3 g6 5. Bc4 Nb6 6. Bb3 Bg7 7. O-O O-O 8. h3 Nc6 9. d3 Nd4 10. Re1 a5 11. Bg5 Bf6 12. Bh6 Bg7 13. Bxg7 Kxg7 14. Nxd4 Qxd4 15. Rxe7 a4 16. Bc4 Nxc4 17. dxc4 Qxc4 18. Qe1 Qd4 19. Rd1 Qf6 20. Nd5 Qxb2 21. c3 Be6 22. Qe5+ Kh6 23. Rd4 Qb1+ 24. Kh2 g5 25. Qf6+ Qg6 26. Qe5 c6 27. Nf6 Rad8 28. f4 Qf5 29. Ng4+ Kg6 30. Rxb7 Rxd4 31. cxd4 Qxf4+ 32. Qxf4 gxf4 33. Ne5+ Kf5 34. a3 Ke4 35. Nxc6 Rc8 36. Nb4 Kxd4 37. Ra7 Bb3 38. Rd7+ Ke3 39. Re7+ Kf2 40. Nd3+ 1-0


[Site "https://www.chess.com"]

[Event "Titled Tuesday Blitz March 21 Late 2023"]
[White "Wang, Alexander J"]
[Black "MKlose11"]
[WhiteFideId "30955270"]
[WhiteElo "2260"]
[BlackElo "2574"]
[Result "0-1"]
[Round "03"]
[TimeControl "180+2"]
[Date "2023.03.21"]
[WhiteClock "0:00:03"]
[BlackClock "0:00:05"]

1. e4 e6 2. d4 d5 3. e5 c5 4. c3 Nc6 5. Nf3 Qb6 6. Be2 Bd7 7. O-O Rc8 8. a3 cxd4 9. cxd4 Nge7 10. b4 Nf5 11. Be3 Be7 12. Nc3 f6 13. exf6 Bxf6 14. Na4 Qd8 15. Nc5 b6 16. Nxd7 Qxd7 17. Rc1 O-O 18. Bb5 Qd6 19. Qd2 Nxe3 20. fxe3 Ne7 21. Rxc8 Rxc8 22. Rc1 Rxc1+ 23. Qxc1 e5 24. Qc3 exd4 25. exd4 g6 26. Qe3 Nf5 27. Qe8+ Kg7 28. Ne5 Bxe5 29. dxe5 Qc7 30. Qd7+ Qxd7 31. Bxd7 Nd4 32. Kf2 Nc2 33. Bc6 d4 34. b5 Nxa3 35. Ke2 Nc4 36. e6 Kf6 37. Bd7 Ne5 38. Bc8 Ke7 39. Kd2 g5 40. h3 h6 41. g3 Kd6 42. Ke2 Ng6 43. Kd3 Nf8 44. Kxd4 Nxe6+ 45. Kc4 Nc7 46. Bf5 a6 47. bxa6 Nxa6 48. Kb5 Nc7+ 49. Kxb6 Nd5+ 50. Kb5 Ne3 51. Be4 Ke5 52. Bf3 Nf1 53. g4 Kf4 54. Bg2 Ne3 55. Bc6 Kg3 56. Be8 Kxh3 57. Kc5 Nxg4 58. Bd7 Kg3 59. Kd4 h5 60. Ke4 h4 61. Kf5 h3 62. Kxg5 h2 63. Bc6 Ne3 64. Bh1 Nd1 65. Kf5 Nf2 66. Bc6 Nh3 67. Bh1 Kf2 68. Kg4 Kg1 69. Bb7 Nf2+ 70. Kh4 Nd1 71. Bf3 Ne3 72. Kh3 Nf5 73. Be4 Nd4 74. Bf3 Nxf3 0-1


[Site "https://www.chess.com"]

[Event "Titled Tuesday Blitz March 21 Late 2023"]
[White "Torres Dominguez, David"]
[Black "Jeet, Jain"]
[WhiteFideId "2220857"]
[BlackFideId "5073022"]
[WhiteElo "1999"]
[BlackElo "2067"]
[Result "1/2-1/2"]
[Round "03"]
[TimeControl "180+2"]
[Date "2023.03.21"]
[WhiteClock "0:00:21"]
[BlackClock "0:00:57"]

1. e4 c6 2. Nf3 d5 3. d3 dxe4 4. dxe4 Qxd1+ 5. Kxd1 Bg4 6. Be2 Nd7 7. Nfd2 Bxe2+ 8. Kxe2 O-O-O 9. Nb3 e5 10. Be3 a6 11. N1d2 Ngf6 12. f3 Kc7 13. a4 h5 14. h4 Be7 15. a5 Kc8 16. Nc4 Ne8 17. Bg5 Bxg5 18. hxg5 g6 19. g4 h4 20. Rh2 Kc7 21. Rah1 Ng7 22. Rxh4 Rxh4 23. Rxh4 Ne6 24. Rh1 Nxg5 25. Nc1 Ne6 26. c3 Nf4+ 27. Ke3 b5 28. axb6+ Kb7 29. Rh7 Rf8 30. Nxe5 Ng2+ 31. Kf2 Nxe5 32. Kxg2 Kxb6 33. g5 Nc4 34. b3 Ne3+ 35. Kg3 c5 36. Kf4 Nd1 37. c4 Ka5 38. Nd3 Kb6 39. Ne5 Rd8 40. Rxf7 Nf2 41. Rf6+ Kb7 42. Rf7+ Kb6 43. Rf6+ Kb7 44. Rf7+ Kb6 1/2-1/2


[Site "https://www.chess.com"]

[Event "Titled Tuesday Blitz March 21 Late 2023"]
[White "Bongo Akanga Ndjila, Barthelemy"]
[Black "Medina Paz, Miguel"]
[WhiteFideId "10609431"]
[BlackFideId "7300379"]
[WhiteElo "1768"]
[BlackElo "2428"]
[Result "0-1"]
[Round "03"]
[TimeControl "180+2"]
[Date "2023.03.21"]
[WhiteClock "0:01:05"]
[BlackClock "0:01:31"]

1. d4 e6 2. c4 Nf6 3. Nf3 Nc6 4. Nc3 Bb4 5. Bg5 h6 6. Bxf6 Bxc3+ 7. bxc3 Qxf6 8. e4 d6 9. Be2 e5 10. d5 Ne7 11. O-O O-O 12. Ne1 b6 13. Nd3 a5 14. f4 exf4 15. Rxf4 Qxc3 16. e5 dxe5 17. Rc1 Qa3 18. Nxe5 Qc5+ 19. Kh1 Qe3 20. Nd3 Bf5 21. Rf3 Qd4 22. Qf1 Rae8 23. Nf2 Be4 24. Nxe4 Qxe4 25. Bd3 Qd4 26. Rf4 Qb2 27. Re1 Ng6 28. Rxe8 Rxe8 29. Rxf7 Ne5 30. Rxc7 Rf8 31. Bh7+ Kxh7 32. Qxf8 Qc1+ 0-1


[Site "https://www.chess.com"]

[Event "Titled Tuesday Blitz March 21 Late 2023"]
[White "Ezat, Mohamed"]
[Black "Cueto, Jonny"]
[WhiteFideId "10600906"]
[BlackFideId "3300145"]
[WhiteElo "2386"]
[BlackElo "2234"]
[Result "1-0"]
[Round "03"]
[TimeControl "180+2"]
[Date "2023.03.21"]
[WhiteClock "0:00:07"]
[BlackClock "0:00:04"]

1. d4 e6 2. c4 Nf6 3. Nc3 Bb4 4. e3 O-O 5. a3 Be7 6. b4 d5 7. c5 b6 8. Bd3 a5 9. Bd2 c6 10. Nf3 Ba6 11. Bxa6 Rxa6 12. O-O b5 13. a4 axb4 14. Na2 Rxa4 15. Nxb4 Rxa1 16. Qxa1 Qc7 17. Qa8 Nfd7 18. Ra1 Qc8 19. Ra7 Bf6 20. Bc3 Re8 21. g4 h6 22. h4 g6 23. g5 hxg5 24. hxg5 Bg7 25. Qb7 Qd8 26. Nxc6 Nxc6 27. Qxc6 Nf8 28. Ba5 Qc8 29. Qxb5 e5 30. Kf1 e4 31. Ne5 Qh3+ 32. Ke1 Rc8 33. Qb7 Re8 34. Qxf7+ Kh8 35. Qxg7# 1-0


[Site "https://www.chess.com"]

[Event "Titled Tuesday Blitz March 21 Late 2023"]
[White "Ricaurte Lopez, Juan Carlos"]
[Black "TimGrutter03"]
[WhiteFideId "3600327"]
[WhiteElo "2209"]
[BlackElo "2551"]
[Result "0-1"]
[Round "03"]
[TimeControl "180+2"]
[Date "2023.03.21"]
[WhiteClock "0:00:08"]
[BlackClock "0:01:13"]

1. e4 g6 2. d4 Bg7 3. Nc3 d6 4. Be3 a6 5. Qd2 b5 6. a3 Bb7 7. f3 Nd7 8. g4 Rc8 9. Nge2 c5 10. dxc5 Nxc5 11. O-O-O a5 12. Kb1 b4 13. axb4 axb4 14. Nd5 b3 15. cxb3 Nf6 16. Qb4 Bxd5 17. exd5 Rb8 18. Qc4 Nxb3 19. Nd4 Nxd4 20. Bxd4 O-O 21. Bd3 Qa5 22. Bc3 Qxd5 23. Rhe1 Qxf3 24. Rxe7 Qxd1+ 0-1


[Site "https://www.chess.com"]

[Event "Titled Tuesday Blitz March 21 Late 2023"]
[White "The_Sherman_Variation"]
[Black "Bullen, Alex"]
[BlackFideId "1801627"]
[WhiteElo "2545"]
[BlackElo "2088"]
[Result "1-0"]
[Round "03"]
[TimeControl "180+2"]
[Date "2023.03.21"]
[WhiteClock "0:00:40"]
[BlackClock "0:00:04"]

1. b3 d5 2. Bb2 Bg4 3. h3 Bh5 4. g4 Bg6 5. Bg2 c6 6. Nf3 h5 7. Ne5 Be4 8. f3 Bh7 9. d3 e6 10. O-O hxg4 11. fxg4 f6 12. Nf3 e5 13. Qe1 Nd7 14. Nbd2 Qb6+ 15. e3 O-O-O 16. a4 a6 17. a5 Qa7 18. c4 Bc5 19. d4 exd4 20. exd4 Bb4 21. c5 Nh6 22. Qg3 Qb8 23. Qxb8+ Kxb8 24. Nb1 Rhe8 25. Ra4 Re2 26. Bc1 Bxc5 27. dxc5 Bxb1 28. Bf4+ Ka7 29. Rxb1 Nxc5 30. Raa1 Nd3 31. Bg3 Rde8 32. b4 Nf7 33. Nd4 Rd2 34. Bf1 Nfe5 35. Rd1 Rxd1 36. Rxd1 Nxb4 37. Bf2 c5 38. Nf5 d4 39. Nxg7 Rg8 40. Ne6 f5 41. Nxc5 fxg4 42. Bxd4 Nf3+ 43. Kf2 Nxd4 44. Rxd4 Nc6 45. Rxg4 Rf8+ 46. Ke2 Rf5 47. Nb3 Re5+ 48. Kd3 Nxa5 49. Nxa5 Rxa5 50. h4 Ra3+ 51. Kc2 b5 52. h5 Ra2+ 53. Kb3 Rf2 54. Bd3 Rf3 55. Kc3 Kb6 56. h6 Rh3 57. h7 a5 58. Rg8 b4+ 59. Kc4 Rh4+ 60. Kd5 b3 61. h8=Q Rxh8 62. Rxh8 b2 63. Rb8+ Ka7 64. Rxb2 a4 65. Ra2 a3 66. Rxa3+ Kb8 67. Kc6 Kc8 68. Ra8# 1-0


[Site "https://www.chess.com"]

[Event "Titled Tuesday Blitz March 21 Late 2023"]
[White "Michalski, Olaf"]
[Black "Mortazavi, Ali"]
[WhiteFideId "1106740"]
[BlackFideId "401323"]
[WhiteElo "2173"]
[BlackElo "2339"]
[Result "0-1"]
[Round "03"]
[TimeControl "180+2"]
[Date "2023.03.21"]
[WhiteClock "0:00:01"]
[BlackClock "0:00:58"]

1. d4 Nf6 2. Nf3 g6 3. Bf4 Bg7 4. c4 O-O 5. Nc3 d6 6. e3 c5 7. h3 cxd4 8. exd4 Nc6 9. d5 Nb4 10. Be2 Na6 11. O-O Nc5 12. Rc1 Nfe4 13. Nxe4 Nxe4 14. Qc2 Nc5 15. b4 Bf5 16. Qd2 Ne4 17. Qe3 Nf6 18. Nd4 Bd7 19. Rfe1 a5 20. b5 Re8 21. Bf3 a4 22. a3 Qb6 23. Nc2 Qa5 24. Nb4 Rac8 25. c5 dxc5 26. Rxc5 Rxc5 27. Qxc5 Qxb5 28. Qxb5 Bxb5 29. d6 exd6 30. Rxe8+ Nxe8 31. Bxb7 Bb2 32. Nc2 Bd3 33. Nb4 Bb5 34. Nc2 Kf8 35. Bd2 Bd3 0-1


[Site "https://www.chess.com"]

[Event "Titled Tuesday Blitz March 21 Late 2023"]
[White "Oliveira, Tiago Batista"]
[Black "Bochnicka, Vladimir"]
[WhiteFideId "2108291"]
[BlackFideId "14943450"]
[WhiteElo "1962"]
[BlackElo "2094"]
[Result "0-1"]
[Round "03"]
[TimeControl "180+2"]
[Date "2023.03.21"]
[WhiteClock "0:00:03"]
[BlackClock "0:00:54"]

1. d4 Nf6 2. c4 c5 3. d5 b5 4. cxb5 a6 5. bxa6 Bxa6 6. g3 g6 7. Bg2 Bg7 8. d6 Nc6 9. dxe7 Qxe7 10. Nc3 O-O 11. Bf4 d5 12. Nxd5 Nxd5 13. Qxd5 Nb4 14. Qd6 Qxd6 15. Bxd6 Nc2+ 16. Kd1 Nxa1 17. Bxf8 Rxf8 18. Kc1 Rb8 19. Nh3 Rxb2 20. Rd1 h6 21. Rd6 Bxe2 22. Nf4 Bc4 23. Bd5 Bxd5 24. Nxd5 Rxa2 25. Rd8+ Kh7 0-1


[Site "https://www.chess.com"]

[Event "Titled Tuesday Blitz March 21 Late 2023"]
[White "Narayanan.S.L"]
[Black "Baches Garcia, Guillermo"]
[WhiteFideId "5058422"]
[BlackFideId "2209764"]
[WhiteElo "2547"]
[BlackElo "2428"]
[Result "1-0"]
[Round "03"]
[TimeControl "180+2"]
[Date "2023.03.21"]
[WhiteClock "0:02:35"]
[BlackClock "0:00:36"]

1. e4 d5 2. exd5 Qxd5 3. Nf3 Nf6 4. c4 Qd8 5. d4 g6 6. h3 Bg7 7. Nc3 O-O 8. Bd3 b6 9. O-O Bb7 10. Be3 Nc6 11. a3 e6 12. Qe2 Ne7 13. Rad1 Nf5 14. d5 Nxe3 15. Qxe3 exd5 16. cxd5 Re8 17. Qf4 Qd6 18. Qh4 a6 19. Bc4 b5 20. Bb3 Rad8 21. Rfe1 Rxe1+ 22. Rxe1 Re8 23. Rxe8+ Nxe8 24. Ne4 Qb6 25. Qe7 Nd6 26. Nfg5 h6 27. Nxd6 hxg5 28. Qxf7+ Kh7 29. Ne4 1-0


[Site "https://www.chess.com"]

[Event "Titled Tuesday Blitz March 21 Late 2023"]
[White "Beulen, Marcel"]
[Black "Ambartsumova, Karina"]
[WhiteFideId "1001450"]
[BlackFideId "4166299"]
[WhiteElo "2420"]
[BlackElo "2300"]
[Result "0-1"]
[Round "03"]
[TimeControl "180+2"]
[Date "2023.03.21"]
[WhiteClock "0:00:28"]
[BlackClock "0:00:20"]

1. e4 c5 2. Nf3 e6 3. c3 d5 4. exd5 exd5 5. d4 Nc6 6. Be2 Bd6 7. O-O Nge7 8. dxc5 Bxc5 9. Nbd2 O-O 10. Nb3 Bd6 11. Nbd4 h6 12. Be3 a6 13. Re1 Bc7 14. Qd2 Qd6 15. Rad1 Bg4 16. h3 Bh5 17. Nxc6 bxc6 18. g3 Qd7 19. Kg2 Bg6 20. Nh4 Be4+ 21. Bf3 Bh7 22. Kh2 Rfe8 23. Ng2 Bf5 24. h4 Bg4 25. Bxg4 Qxg4 26. Qd4 Qf3 27. Bf4 Nf5 28. Qd2 Bb6 29. Ne3 Nxh4 30. Qe2 g5 31. Bd6 Qxe2 32. Rxe2 Nf5 33. Rde1 Nxd6 0-1


[Site "https://www.chess.com"]

[Event "Titled Tuesday Blitz March 21 Late 2023"]
[White "Godzwon, Iwo"]
[Black "Melikhov, Evgeny V."]
[WhiteFideId "21802483"]
[BlackFideId "4122046"]
[WhiteElo "2284"]
[BlackElo "2158"]
[Result "1-0"]
[Round "03"]
[TimeControl "180+2"]
[Date "2023.03.21"]
[WhiteClock "0:00:11"]
[BlackClock "0:00:10"]

1. e4 e5 2. Nf3 Nc6 3. Bb5 a6 4. Ba4 Nf6 5. O-O Nxe4 6. d4 b5 7. Bb3 d5 8. dxe5 Be6 9. Nbd2 Bc5 10. c3 O-O 11. Bc2 Nxf2 12. Rxf2 f6 13. exf6 Bxf2+ 14. Kxf2 Qxf6 15. Nb3 Ne5 16. Nd4 Bg4 17. b4 Qh4+ 18. Kg1 Nxf3+ 19. gxf3 Bxf3 20. Nxf3 Qg4+ 21. Kf2 Rxf3+ 22. Qxf3 Rf8 23. Bxh7+ Kxh7 24. Qxf8 Qh4+ 25. Ke2 Qe4+ 26. Be3 Qc2+ 27. Kf1 Qd3+ 28. Kf2 Qc2+ 29. Kg1 Qg6+ 30. Kf2 Qc2+ 31. Kf3 Qe4+ 32. Ke2 Qc2+ 33. Bd2 Qe4+ 34. Kf2 Qh4+ 35. Kg2 Qg4+ 36. Kf1 Qh3+ 37. Ke1 Qh4+ 38. Qf2 Qe4+ 39. Kd1 g6 40. Kc1 d4 41. cxd4 Qd5 42. Kb2 Qc4 43. Rc1 Qd3 44. Rxc7+ Kg8 45. Qf7+ 1-0


[Site "https://www.chess.com"]

[Event "Titled Tuesday Blitz March 21 Late 2023"]
[White "Guzman Moneo, Alberto"]
[Black "Martic, Ivan"]
[WhiteFideId "2209616"]
[BlackFideId "929301"]
[WhiteElo "2157"]
[BlackElo "2360"]
[Result "1-0"]
[Round "03"]
[TimeControl "180+2"]
[Date "2023.03.21"]
[WhiteClock "0:00:42"]
[BlackClock "0:01:06"]

1. e4 c5 2. Nc3 a6 3. Nge2 e6 4. g3 d5 5. exd5 exd5 6. d4 Nf6 7. Bg2 cxd4 8. Nxd4 Bg4 9. Bf3 Bh3 10. Bg5 Be7 11. Qd3 Nc6 12. O-O-O Ne5 13. Qe2 Nxf3 14. Nxf3 O-O 15. Rhe1 Re8 16. Bxf6 Bxf6 17. Qxe8+ Qxe8 18. Rxe8+ Rxe8 19. Nxd5 Bd8 20. Ne3 h6 21. Nd4 Bg5 22. Rd3 h5 23. f4 Bf6 24. c3 g6 25. Kd2 b5 26. Nd5 Bd8 27. Re3 Rxe3 28. Kxe3 Bd7 29. b4 f6 30. Kd3 Kf7 31. Nb3 Be6 32. Ne3 Bb6 33. Nc1 g5 34. fxg5 fxg5 35. a3 Kf6 36. Ne2 Ke5 37. Nd4 Bd7 38. Nf3+ Kf6 39. Nd5+ Kf5 40. Nxb6 Bc6 41. Nd4+ 1-0


[Site "https://www.chess.com"]

[Event "Titled Tuesday Blitz March 21 Late 2023"]
[White "Quinones Garcia, Santiago"]
[Black "Gatterer, Florian"]
[WhiteFideId "4408497"]
[BlackFideId "811688"]
[WhiteElo "2263"]
[BlackElo "2221"]
[Result "0-1"]
[Round "03"]
[TimeControl "180+2"]
[Date "2023.03.21"]
[WhiteClock "0:00:19"]
[BlackClock "0:00:55"]

1. d4 d6 2. c4 e5 3. Nf3 e4 4. Ng1 f5 5. e3 Nf6 6. Nc3 c6 7. Nge2 d5 8. Qb3 Qb6 9. c5 Qc7 10. Qc2 Be6 11. b4 a6 12. Nf4 Bf7 13. h4 g6 14. a4 Nbd7 15. Be2 Bh6 16. g3 O-O 17. Kd2 Kh8 18. Bb2 Rg8 19. Ra2 Nf8 20. Rha1 Bxf4 21. gxf4 Ne6 22. b5 Nxf4 23. exf4 Qxf4+ 24. Ke1 Qxh4 25. Bc1 f4 26. Bf1 g5 27. bxa6 bxa6 28. Rb2 Rae8 29. Kd1 Bh5+ 30. Ke1 e3 31. Qf5 Ng4 32. Rb7 Bg6 33. Qd7 Qxf2+ 34. Kd1 Qxf1# 0-1


[Site "https://www.chess.com"]

[Event "Titled Tuesday Blitz March 21 Late 2023"]
[White "Gerbelli Neto, Eduardo"]
[Black "Shohat, Yotam"]
[WhiteFideId "2103281"]
[BlackFideId "2813955"]
[WhiteElo "2178"]
[BlackElo "2226"]
[Result "0-1"]
[Round "03"]
[TimeControl "180+2"]
[Date "2023.03.21"]
[WhiteClock "0:00:04"]
[BlackClock "0:00:04"]

1. e4 c5 2. Nc3 Nc6 3. f4 g6 4. Nf3 Bg7 5. Bc4 e6 6. f5 gxf5 7. d3 Nge7 8. O-O d5 9. Bb3 c4 10. Ba4 d4 11. Ne2 fxe4 12. dxe4 a6 13. Bxc6+ Nxc6 14. Bg5 Qb6 15. Kh1 Bd7 16. Rb1 f6 17. Bh4 e5 18. Ng3 h5 19. Nd2 Bg4 20. Qe1 Na5 21. h3 Bd7 22. Qf2 O-O-O 23. Nf5 Bxf5 24. Qxf5+ Kb8 25. Bxf6 Bxf6 26. Qxf6 Qxf6 27. Rxf6 Rhf8 28. Rbf1 Rxf6 29. Rxf6 c3 30. bxc3 dxc3 31. Nf3 Rd1+ 32. Kh2 Rc1 33. Nxe5 Rxc2 34. Nd7+ Kc7 35. Nc5 Rxa2 36. e5 c2 37. Nd3 Ra3 38. Nc1 Nb3 39. Rf7+ Kd8 40. Nd3 Nd4 41. Nc1 b5 42. Rf4 Ne6 43. Rf2 Rc3 44. Rd2+ Ke7 45. Rd6 b4 46. Rxa6 b3 47. Rb6 Nd4 48. g4 hxg4 49. hxg4 Re3 50. Rb4 Re1 51. Nxb3 Nxb3 52. Rxb3 c1=Q 0-1


[Site "https://www.chess.com"]

[Event "Titled Tuesday Blitz March 21 Late 2023"]
[White "Balla, Tamas-Kristof"]
[Black "Garcia Cuenca, Victor"]
[WhiteFideId "1208497"]
[BlackFideId "2250829"]
[WhiteElo "2334"]
[BlackElo "2329"]
[Result "0-1"]
[Round "03"]
[TimeControl "180+2"]
[Date "2023.03.21"]
[WhiteClock "0:00:02"]
[BlackClock "0:00:07"]

1. e4 c5 2. Nf3 e6 3. c3 Nf6 4. e5 Nd5 5. d4 cxd4 6. cxd4 d6 7. a3 Bd7 8. Bd3 Bc6 9. O-O Nd7 10. Nbd2 dxe5 11. dxe5 Nc5 12. Ne4 Nc3 13. Nd6+ Bxd6 14. bxc3 Nxd3 15. Qxd3 Bc5 16. Nd4 Qd5 17. Qg3 Bxd4 18. cxd4 g6 19. Bg5 h5 20. Bf6 h4 21. Qg4 Rh5 22. Rac1 h3 23. f3 hxg2 24. Kxg2 Rc8 25. Rf2 Rc7 26. Rfc2 Rd7 27. Rd2 Qb3 28. Qf4 Rf5 29. Qh4 Qxf3+ 30. Kg1 Qh1# 0-1


[Site "https://www.chess.com"]

[Event "Titled Tuesday Blitz March 21 Late 2023"]
[White "Leschinsky, Gary"]
[Black "Stelmaszyk, Nico"]
[WhiteFideId "30951321"]
[BlackFideId "16200462"]
[WhiteElo "1855"]
[BlackElo "2255"]
[Result "0-1"]
[Round "03"]
[TimeControl "180+2"]
[Date "2023.03.21"]
[WhiteClock "0:00:05"]
[BlackClock "0:00:39"]

1. d4 Nf6 2. c4 c5 3. Nf3 cxd4 4. Nxd4 e5 5. Nb5 d5 6. cxd5 Bc5 7. e3 Qb6 8. N5c3 O-O 9. Nd2 Rd8 10. Bc4 Bg4 11. Qb3 Nbd7 12. O-O Rac8 13. Nde4 Nxe4 14. Nxe4 Qg6 15. f3 Bh3 16. Ng3 Nb6 17. Bd3 Qh6 18. gxh3 Bxe3+ 19. Bxe3 Qxe3+ 20. Kh1 Nxd5 21. Be4 Qxb3 22. axb3 Nf4 23. Rxa7 Rd2 24. Rxb7 Rxb2 25. b4 g6 26. b5 f5 27. Bc6 Rd8 28. Rd7 Rxd7 29. Bxd7 Nxh3 30. Rc1 Kf7 31. Bc6 Ke6 32. Ra1 Nf4 33. Kg1 h5 34. Re1 h4 35. Nh1 Nh3+ 36. Kf1 Rxh2 37. b6 Rb2 38. b7 Kd6 39. Rc1 g5 40. Ke1 g4 41. fxg4 fxg4 42. Be4 Ng5 43. Rd1+ Ke7 44. Bd5 e4 45. Nf2 g3 46. Nxe4 Nf3+ 47. Kf1 g2# 0-1


[Site "https://www.chess.com"]

[Event "Titled Tuesday Blitz March 21 Late 2023"]
[White "TigranHH"]
[Black "Bilan, Danila"]
[BlackFideId "24161918"]
[WhiteElo "2295"]
[BlackElo "2182"]
[Result "1-0"]
[Round "03"]
[TimeControl "180+2"]
[Date "2023.03.21"]
[WhiteClock "0:00:50"]
[BlackClock "0:00:06"]

1. d4 d5 2. c4 c6 3. Nc3 Nf6 4. e3 e6 5. Nf3 Nbd7 6. Bd3 Bd6 7. O-O O-O 8. e4 dxc4 9. Bxc4 e5 10. Bg5 exd4 11. Qxd4 Qc7 12. Bxf6 gxf6 13. Rad1 Bc5 14. Qd2 Ne5 15. Be2 Be6 16. Qf4 Nxf3+ 17. Qxf3 Qe5 18. Rd2 Rad8 19. Rfd1 Bb6 20. a3 Rxd2 21. Rxd2 Rd8 22. Rxd8+ Bxd8 23. Qd3 Bb6 24. Bf3 Bd4 25. g3 a6 26. Kg2 c5 27. Qd2 b5 28. Nd5 Bxb2 29. Ne7+ Kg7 30. Qd8 Bxa3 31. Qg8+ Kh6 32. Qf8+ 1-0


[Site "https://www.chess.com"]

[Event "Titled Tuesday Blitz March 21 Late 2023"]
[White "Girsh, Daniel"]
[Black "Rose, Felix"]
[WhiteFideId "30949190"]
[BlackFideId "5105722"]
[WhiteElo "2075"]
[BlackElo "2039"]
[Result "1-0"]
[Round "03"]
[TimeControl "180+2"]
[Date "2023.03.21"]
[WhiteClock "0:02:20"]
[BlackClock "0:00:47"]

1. e4 e5 2. Nf3 Nc6 3. d4 exd4 4. Nxd4 Nf6 5. Nc3 Bb4 6. Nxc6 bxc6 7. Bd3 d5 8. exd5 O-O 9. O-O cxd5 10. Bg5 c6 11. Qf3 h6 12. Bh4 Rb8 13. Rad1 Bd6 14. h3 Rxb2 15. Ne2 Rxa2 16. Nd4 Bd7 17. Nf5 Bxf5 18. Qxf5 Qc8 19. Qf3 Be5 20. Rfe1 Qc7 21. Bxf6 gxf6 22. Qg4+ Kh8 23. Qf5 1-0


[Site "https://www.chess.com"]

[Event "Titled Tuesday Blitz March 21 Late 2023"]
[White "lluiss"]
[Black "Mazurkiewicz, Michal"]
[BlackFideId "1124943"]
[WhiteElo "2174"]
[BlackElo "2054"]
[Result "0-1"]
[Round "03"]
[TimeControl "180+2"]
[Date "2023.03.21"]
[WhiteClock "0:00:01"]
[BlackClock "0:00:16"]

1. Nf3 Nf6 2. c4 g6 3. g3 Bg7 4. Bg2 O-O 5. O-O d6 6. d4 c5 7. Nc3 cxd4 8. Nxd4 Qa5 9. e3 Nc6 10. Nxc6 bxc6 11. Bxc6 Rb8 12. Qd2 Qc5 13. Bg2 Qxc4 14. b3 Qb4 15. Bb2 Bf5 16. Rfd1 Rfc8 17. e4 Bg4 18. f3 Be6 19. Rac1 Nd7 20. Rc2 Ne5 21. Rdc1 a5 22. Qe2 h5 23. h3 Nc6 24. Nd5 Bxd5 25. exd5 Bxb2 26. Rxb2 Nd4 27. Rxc8+ Rxc8 28. Qf2 Rc1+ 29. Kh2 Qc3 30. Rd2 Nf5 31. f4 h4 32. gxh4 Qf6 33. h5 gxh5 34. Bf3 h4 35. Qg2+ Ng3 0-1


[Site "https://www.chess.com"]